 Dungeon Crawl Stone Soup version 0.21-a0-442-g848f44b (webtiles) character file.

292 4thArraOfDagon the Skirmisher (level 6, -6/49 HPs)
             Began as a Mummy Enchanter on Nov 14, 2017.
             Was an Elder of Jiyva.
             Mangled by an ogre
             ... wielding a +0 giant club
              (10 damage)
             ... on level 5 of the Dungeon.
             The game lasted 00:15:18 (2803 turns).

4thArraOfDagon the Skirmisher (Mummy Enchanter)     Turns: 2803, Time: 00:15:19

Health: -6/49      AC:  2    Str: 10    XL:     6   Next: 10%
Magic:  7/10       EV: 12    Int: 17    God:    Jiyva [****..]
Gold:   129        SH:  0    Dex: 13    Spells: 4/10 levels left

rFire    x x .     SeeInvis .   d - +0 dagger (freeze)
rCold    + + .     Gourm    .   (no shield)
rNeg     + + +     Faith    .   b - +0 robe
rPois    ∞         Spirit   .   (no helmet)
rElec    .         Reflect  .   (no cloak)
rCorr    +         Harm     .   (no gloves)
MR       .....                  (no boots)
Stlth    ++........             (no amulet)
HPRegen  0.16/turn              l - ring of ice
MPRegen  0.12/turn              (no ring)

@: no status effects
A: no food or potions, fire vulnerability, cold resistance 1, negative energy
resistance 3, torment resistance, unbreathing
a: Request Jelly, Slimify, Renounce Religion


You were on level 5 of the Dungeon.
You worshipped Jiyva.
Jiyva was greatly pleased with you.
You were not hungry.

You visited 1 branch of the dungeon, and saw 5 of its levels.
You also visited: Ossuary.

You collected 129 gold pieces.

Inventory:

Hand Weapons
 a - a +1 dagger
 d - a +0 dagger of freezing (weapon)
Armour
 b - a +0 robe (worn)
 k - a +0 scale mail
 m - the +2 ring mail of the Thistle {+Blink rN+ MR+ Str-5}
   (You found it on level 5 of the Dungeon)

   It affects your strength (-5).
   It protects you from negative energy.
   It affects your resistance to hostile enchantments.
   It lets you blink.
Jewellery
 l - a ring of ice (left hand)
Wands
 e - a wand of polymorph (14/24)
 g - a wand of digging (10/24)
 r - a wand of flame (28/48)
Scrolls
 f - a scroll of amnesia
 h - a scroll of remove curse {unknown}
 j - 2 scrolls of enchant weapon
 n - a scroll of enchant armour {unknown}
 o - a scroll of noise {unknown}
 p - a scroll of identify
 q - a scroll of immolation {unknown}
Books
 c - a book of Maledictions

   Spells                             Type                      Level
   a - Corona                         Hexes                        1
   b - Ensorcelled Hibernation        Hexes/Ice                    2
   c - Confuse                        Hexes                        3
   d - Tukima's Dance                 Hexes                        3
   e - Dazzling Spray                 Conjuration/Hexes            3


   Skills:
 - Level 4.4 Fighting
 - Level 2.0 Short Blades
 - Level 1.5 Dodging
 - Level 2.4 Stealth
 - Level 2.6 Spellcasting
 * Level 4.0 Hexes


You had 4 spell levels left.
You knew the following spells:

 Your Spells              Type           Power        Failure   Level  Hunger
a - Corona                Hex            ###....      3%          1    N/A
b - Ensorcelled Hibernat  Hex/Ice        ##....       12%         2    N/A
c - Confuse               Hex            ###.....     11%         3    N/A

Dungeon Overview and Level Annotations

Branches:
Dungeon (5/15)             Temple (0/1) D:4

Altars:
Dithmenos
Kikubaaqudgha
Okawaru
Trog
Jiyva


Innate Abilities, Weirdness & Mutations

You do not eat or drink.
Your flesh is vulnerable to fire.
You are immune to poison.
Your flesh is cold resistant. (rC+)
You are immune to negative energy. (rN+++)
You are immune to unholy pain and torment.
You can survive without breathing.


Message History

An ogre comes into view. It is wielding a giant club.
Unknown command.
The helpless ogre fails to defend itself.
You puncture the ogre! You freeze the ogre.
The ogre is severely wounded.
The ogre completely misses you.
You hear a distant slurping noise.
Jiyva appreciates your sacrifice.
You feel your power returning.
Unknown command.
Unknown command.
Evoke which item? (* to show all) (? for menu, Esc to quit)
Aiming: Throw Flame (will waste charges)
Press: ? - help, Shift-Dir - straight line, f - ogre
Aim: an ogre, wielding a giant club (severely wounded)
The puff of flame hits the ogre.
The ogre is almost dead.
Evoking this partially-identified wand wasted a few charges.
The ogre hits you with a giant club!
You die...

... ##### ...
.......##.#. #.#
............
#.##............
#......# .......
#......# ....... ##
#......# ....... ..
#.######o.......###.#
................@O..#
.....###........#####
.....# ....... .....#
....... .....#
....... .##.##
....... .##.# ######.
###.# #. ###.#####


You could see an ogre.

Vanquished Creatures
  A howler monkey (D:5)
  2 worker ants
  2 mummies (Ossuary)
  5 adders
  A worm (D:3)
  A dart slug (D:1)
  2 leopard geckos (D:1)
  9 bats
  2 giant cockroaches (D:2)
  6 goblins
  11 hobgoblins
  2 jackals (D:1)
  A quokka (D:4)
  5 frilled lizards
  9 kobolds
  9 rats
68 creatures vanquished.

Vanquished Creatures (others)
  A black bear (D:5)
  A crimson imp (D:5)
  3 jellies (D:1)
  Jessica (D:2)
  An adder (D:3)
  An ooze (D:1)
  A dart slug (D:1)
  A giant cockroach (D:3)
  2 jackals (D:1)
  3 kobolds
  A ball python (D:2)
  A bat (D:3)
  2 frilled lizards (D:1)
  2 goblins
  4 rats
25 creatures vanquished.

Grand Total: 93 creatures vanquished

Notes
Turn   | Place    | Note
-------+----------+-------------------------------------------
     0 | D:1      | 4thArraOfDagon the Mummy Enchanter began the quest for the Orb.
     0 | D:1      | Reached XP level 1. HP: 13/13 MP: 4/4
    24 | D:1      | Reached skill level 1 in Short Blades
    74 | D:1      | Found a viscous altar of Jiyva.
    74 | D:1      | Noticed a jelly
    74 | D:1      | Noticed a jelly
    74 | D:1      | Noticed a jelly
    74 | D:1      | Noticed a jelly
    82 | D:1      | Noticed a jelly
    88 | D:1      | Noticed a jelly
    93 | D:1      | Noticed a jelly
   316 | D:2      | Reached XP level 2. HP: 13/19 MP: 0/5
   321 | D:2      | Learned a level 2 spell: Ensorcelled Hibernation
   817 | D:1      | Became a worshipper of Jiyva Jotyibox the Shapeless
   857 | D:1      | Reached * piety under Jiyva
  1008 | D:1      | Reached skill level 1 in Fighting
  1105 | D:1      | Reached XP level 3. HP: 8/26 MP: 4/7
  1123 | D:1      | Learned a level 3 spell: Confuse
  1554 | D:2      | Reached ** piety under Jiyva
  1638 | D:2      | Killed Jessica
  1750 | D:3      | Found an ancient bone altar of Kikubaaqudgha.
  1751 | D:3      | Found a bloodstained altar of Trog.
  1751 | D:3      | Found a shadowy altar of Dithmenos.
  1810 | D:3      | Reached XP level 4. HP: 34/34 MP: 8/8
  1892 | D:3      | Reached *** piety under Jiyva
  1915 | D:3      | Found an iron altar of Okawaru.
  2170 | D:4      | Found a staircase to the Ecumenical Temple.
  2244 | D:4      | Noticed an ogre
  2327 | D:4      | Noticed an orc warrior
  2336 | D:5      | Entered Level 5 of the Dungeon
  2341 | D:5      | Reached XP level 5. HP: 23/42 MP: 0/9
  2368 | D:5      | Got a dazzling ring mail
  2378 | D:5      | Identified the +2 ring mail of the Thistle {+Blink rN+ MR+ Str-5} (You found it on level 5 of the Dungeon)
  2419 | D:5      | Found a sand-covered staircase.
  2427 | Ossuary  | Entered an ossuary
  2687 | D:5      | Reached **** piety under Jiyva
  2691 | D:5      | Noticed an ogre
  2693 | D:5      | Noticed a black bear
  2693 | D:5      | an ogre changed into a black bear
  2790 | D:5      | HP: 2/43 [orc/flail (8)]
  2800 | D:5      | Killed a black bear
  2800 | D:5      | Reached XP level 6. HP: 4/49 MP: 5/10
  2803 | D:5      | Mangled by an ogre

Vault maps used:
D:1:      erik_arrival_cave_to_civilisation
D:2:      grunt_ministairs_5, corexii_hall_statues_t, uniq_jessica
D:3:      minitemple, okawaru_altar_gauntlet_db
D:4:      minmay_temple_entry_overgrown, uniq_grinder
D:5:      chequers_ossuary_entry_cave, first_bread
Ossuary:  ossuary_crypta

Skill      XL: |  1  2  3  4  5 |
---------------+----------------+-----
Short Blades   | 1 2 |  2.0
Fighting       | 1 2 4 |  4.4
Hexes          | 4 |  4.0
Dodging        | |  1.5
Stealth        | |  2.4
Spellcasting   | |  2.6

Action                   |  1- 3 |  4- 6 || total
-------------------------+-------+-------++-------
Melee: Dagger            |   162 |   100 ||   262
 Cast: Corona            |    12 |     1 ||    13
       Ensorcelled Hiber |    17 |    17 ||    34
       Confuse           |       |     9 ||     9
Invok: Request Jelly     |       |     1 ||     1
Evoke: Wand              |     4 |     2 ||     6
  Use: Scroll            |     2 |     7 ||     9
 Stab: Sleeping          |    15 |    10 ||    25
       Confused          |       |     4 ||     4
Armor: Robe              |    34 |    21 ||    55
       Ring mail         |       |     1 ||     1
Dodge: Dodged            |   122 |    66 ||   188

Table legend:
 A = Spawn XP
 B = Non-spawn XP
 C = Spawn XP percentage of total XP
 D = Spawn monster count
 E = Non-spawn monster count
 F = Spawn count percentage of total count
 G = Total turns spent on level
                    A         B        C        D         E        F      G
               +---------+---------+-------+---------+---------+-------+---------
         Total |       0 |     418 |   0.0 |       0 |      69 |   0.0 |  2803
               +---------+---------+-------+---------+---------+-------+---------
           D:1 |       0 |      46 |   0.0 |       0 |      26 |   0.0 |  1233
           D:2 |       0 |      43 |   0.0 |       0 |      14 |   0.0 |   430
           D:3 |       0 |      59 |   0.0 |       0 |      21 |   0.0 |   497
           D:4 |       0 |      38 |   0.0 |       0 |       2 |   0.0 |   176
           D:5 |       0 |     196 |   0.0 |       0 |       4 |   0.0 |   250
       Ossuary |       0 |      36 |   0.0 |       0 |       2 |   0.0 |   217
               +---------+---------+-------+---------+---------+-------+---------
